 Dungeon Crawl Stone Soup version 0.31-a0-1139-gec03705108 (webtiles) character file.

Game seed: 16233327942611046032

19911 James the Grappler (level 12, -8/115 HPs)
             Began as a Merfolk Shapeshifter on Dec 6, 2023.
             Was a Believer of Uskayaw.
             Killed from afar by a fire giant (39 damage)
             ... with a fireball
             ... on level 11 of the Dungeon.
             The game lasted 00:43:32 (13897 turns).

James the Grappler (Merfolk Shapeshifter)          Turns: 13897, Time: 00:43:32

Health: -8/115     AC: 11    Str: 23    XL:     12   Next: 74%
Magic:  12/12      EV: 15    Int: 10    God:    Uskayaw [**....]
Gold:   842        SH:  0    Dex: 14    Spells: 11/11 levels left

rFire   . .          .
                       - Unarmed
rCold   . . .        (shield currently unavailable)
rNeg    . . .        C - melded +1 chain mail "Usuwaru" {rC+}
rPois   .            (helmet currently unavailable)
rElec   .            (cloak currently unavailable)
rCorr   .            (gloves currently unavailable)
SInv    .            (boots currently unavailable)
Will    .....        m - amulet of the acrobat
Stlth   +            (no ring)
HPRegen 0.39/turn    (no ring)
MPRegen 0.13/turn

%: acrobat
@: snake-form
A: constrict, boosted hp, large, (nimble swimmer 2), (mertail)
a: Begin Untransformation, Renounce Religion, Stomp, Line Pass


You were on level 11 of the Dungeon.
You worshipped Uskayaw.
Uskayaw was noncommittal.
You were an enormous anaconda.
You visited 2 branches of the dungeon, and saw 12 of its levels.
You also visited: Ossuary.

You collected 842 gold pieces.

Inventory:

Hand Weapons
 h - a +5 dagger
   (You took it off a goblin on level 1 of the Dungeon)
 B - a +4 shortbow
   (You took it off an orc on level 3 of the Dungeon)
 I - a +2 scimitar of freezing
   (You took it off a wight on level 7 of the Dungeon)
 O - the +2 flail of Niaserel {speed, Will+ Str-3 Dex+7 SInv}
   (You took it off an orc on level 6 of the Dungeon)

   Str-3:     It affects your strength (-3).
   Dex+7:     It affects your dexterity (+7).
   Will+:     It increases your willpower.
   SInv:      It lets you see invisible.
 Q - a +5 trident of venom
   (You took it off a gnoll sergeant on level 10 of the Dungeon)
 W - a +2 scimitar of flaming
   (You took it off an efreet on level 11 of the Dungeon)
Missiles
 n - 2 darts of dispersal {!f}
 r - 15 poisoned darts (quivered)
 A - 6 boomerangs
 D - 2 javelins
Armour
 p - the +4 ring mail "Fois" {rElec Will+}
   (You took it off an orc on level 9 of the Dungeon)

   rElec:     It insulates you from electricity.
   Will+:     It increases your willpower.
 s - a +1 hat
   (You found it on level 2 of the Dungeon)
 u - a +1 chain mail of cold resistance
   (You took it off an orc on level 8 of the Dungeon)
 w - the +1 leather armour of Beke {Fly Str+2 Int-5}
   (You took it off an occultist on level 11 of the Dungeon)

   Str+2:     It affects your strength (+2).
   Int-5:     It affects your intelligence (-5).
   Fly:       It grants you flight.
 y - a +0 chain mail of fire resistance
   (You took it off an orc on level 5 of the Dungeon)
 z - +0 steam dragon scales
   (You found it on level 9 of the Dungeon)
 C - the +1 chain mail "Usuwaru" (melded) {rC+}
   (You took it off an orc on level 3 of the Dungeon)

   rC+:       It protects you from cold.
 G - a +2 helmet
   (You found it on level 6 of the Dungeon)
 H - a +0 plate armour
   (You took it off an orc warrior on level 10 of the Dungeon)
 K - a +0 leather armour
   (You took it off an orc on level 10 of the Dungeon)
 N - a +0 plate armour
   (You took it off an orc warrior on level 11 of the Dungeon)
 R - a +0 kite shield
   (You took it off a gnoll sergeant on level 10 of the Dungeon)
 S - a +2 ring mail of fire resistance
   (You took it off a gnoll sergeant on level 10 of the Dungeon)
 U - a +0 troll leather armour
   (You found it on level 11 of the Dungeon)
 V - a +2 cloak of preservation
   (You found it on level 11 of the Dungeon)
Magical Staves
 J - a staff of earth
   (You found it on level 4 of the Dungeon)
Jewellery
 m - an amulet of the acrobat (around neck)
   (You found it on level 10 of the Dungeon)
Talismans
 c - a beast talisman
 e - a serpent talisman (active)
   (You found it on level 6 of the Dungeon)
 T - a flux talisman
Wands
 d - a wand of iceblast (7)
   (You took it off a centaur on level 11 of the Dungeon)
 v - a wand of digging (1)
   (You found it on level 4 of the Dungeon)
 x - a wand of acid (2)
   (You found it on level 11 of the Dungeon)
 M - a wand of mindburst (8)
   (You found it on level 4 of the Dungeon)
Scrolls
 b - a scroll of fog
 i - a scroll of enchant weapon
 k - 2 scrolls of amnesia
 l - a scroll of fear
 q - a scroll of torment {!r}
 t - 6 scrolls of teleportation {@r4}
Potions
 a - 2 potions of mutation {unknown}
 f - a potion of might {unknown}
 g - a potion of haste {unknown}
 j - 3 potions of resistance
 o - 2 potions of berserk rage {unknown}
 E - 7 potions of enlightenment {unknown}
 F - a potion of lignification {!q}
 L - 7 potions of curing {@q1}
 P - 3 potions of brilliance {unknown}


   Skills:
 + Level 9.4 Fighting
 + Level 11.7 Dodging
 * Level 14.8 Unarmed Combat
 + Level 13.0 Shapeshifting


You had 11 spell levels left.
You didn't know any spells.
Your spell library contained the following spells:

 Spells                   Type           Power      Damage    Failure   Level
 Apportation              Tloc           0%         N/A       36%         1
 Slow                     Hex            0%         N/A       36%         1
 Blink                    Tloc           0%         N/A       50%         2
 Jinxbite                 Hex            0%         N/A       50%         2
 Confusing Touch          Hex            0%         N/A       75%         3
 Sigil of Binding         Hex            0%         N/A       75%         3
 Vampiric Draining        Necr           0%         2d6       75%         3
 Brom's Barrelling Bould  Conj/Erth      0%         2d3       98%         4
 Manifold Assault         Tloc           0%         N/A       98%         4
 Alistair's Intoxication  Tmut/Pois      0%         N/A       100%        5
 Lee's Rapid Deconstruct  Erth           0%         3d4*      100%        5
 Lehudib's Crystal Spear  Conj/Erth      0%         10d2      100%        8


Dungeon Overview and Level Annotations

Branches:
Dungeon (11/15)            Temple (1/1) D:4             Orc (0/2) D:9
Ossuary (visited)
   Lair: D:8-11

Altars:
Ashenzari
Cheibriados
Dithmenos
Elyvilon
Fedhas
Gozag
Hepliaklqana
Kikubaaqudgha
Makhleb
Nemelex Xobeh
Okawaru
Qazlal
Ru
Sif Muna
Trog
Uskayaw
Vehumet
Wu Jian
Xom
Yredelemnul
Zin
The Shining One

Annotations:
D:7 1 runed translucent door, topfpfpflanze's ghost, novice DjCj
D:9 2 runed translucent doors, GreatBamboolord's ghost, novice FeSh
D:11 1 exclusion


Innate Abilities, Weirdness & Mutations

You are an enormous anaconda.
You have a powerful constriction melee attack.
Your maximum health is increased.
Your armour is entirely melded.
You are incapable of wielding weapons or throwing items.
((You are very nimble when in or above water. (Stealth+, EV+, Speed+++)))
((Your lower body shifts to a powerful aquatic tail in water.))


Message History

Things that are here:
a +0 shortbow; a centaur skeleton
Things that are here:
a +0 orcbow; a centaur skeleton
Things that are here:
a +0 long sword; an elf skeleton A howler monkey comes into view.
A fire giant comes into view.
It is wielding a +0 great sword of flaming.
The fire giant shouts!
Things that are here:
a +0 long sword; an elf skeleton
Things that are here:
a +0 orcbow; a centaur skeleton
Things that are here:
a +0 shortbow; a centaur skeleton
Items here: ))) [[[[[[.
Things that are here:
a +0 giant club; a +0 giant spiked club; a two-headed ogre skeleton
Things that are here:
a +0 battleaxe; a +0 plate armour
Things that are here:
a +0 trident; a +0 chain mail
Things that are here:
a +0 glaive; 4 large rocks
Okay, then.
Unknown command.
Unknown command.
Unknown command.
The fire giant completely misses you.
You lash the fire giant! The fire giant casts a spell at you.
The bolt of fire hits you!!
You body-slam the fire giant!!
The fire giant hits you with a +0 great sword of flaming!!
The fire giant burns you!
* * * LOW HITPOINT WARNING * * *
You can now pass through a line of other dancers.
You barely miss the fire giant. The fire giant misses you.
Unknown command.
You body-slam the fire giant!!
Unknown command.
You hit the fire giant but do no damage.
The fire giant hits you with a +0 great sword of flaming!
* * * LOW HITPOINT WARNING * * *
The fire giant burns you!
* * * LOW HITPOINT WARNING * * *
You lash the fire giant!
The fire giant points at you and mumbles some strange words.
The fireball explodes!
The fireball engulfs you!!!
You die...

.............<.................>#
..........#.###..).##.#.#######.#
..........#††...##.##.#.#.......#
.........#########..#.#.#.####..#
.........# ##...#.#........
.........# ##..#.######..#
########## ### #...#.........#
♣♣♣♣.♣♣♣♣♣ ♣♣C♣♣#.)....######.#
.........♣♣♣♣♣.♣S♣#......+.......
........C)))..♣♣♣))..)....#####.#
........)♣♣♣♣♣.♣.♣#..#.._.# #.#
♣♣♣♣)♣♣♣♣♣ ♣♣)♣♣#.......# ###.#
♣)♣ ### #.....#.###...#
♣♣♣♣)♣♣♣♣♣♣♣ #.....#.....###
....♣......♣ #...).#...###
...###...~.♣ #.....#.### ...#
.....♣ #.....#.#


You could see a fire giant.

Vanquished Creatures
  2 centaur warriors (D:11)
  A death knight (D:11)
  A boulder beetle (D:11)
  3 two-headed ogres
  A tengu warrior (D:11)
  An occultist (D:11)
  A skeletal warrior (D:11)
  A deep troll (D:11)
  An orc knight (D:11)
  A deep elf pyromancer (D:11)
  2 ugly things (D:11)
  3 cyclopes (D:11)
  A manticore (D:11)
  A gargoyle (D:11)
  2 unseen horrors (D:11)
  A yaktaur (D:11)
  A kobold demonologist (D:11)
  An efreet (D:11)
  A tengu conjurer (D:11)
  3 trolls
  3 hornets
  Prince Ribbit (D:5)
  Sigmund (D:2)
  7 yaks (D:11)
  A wraith (D:11)
  A slime creature (D:11)
  2 wyverns
  A vampire (D:10)
  2 steam dragons (D:9)
  A vampire mosquito (D:11)
  Menkaure (D:4)
  An ice beast (D:6)
  12 orc warriors
  2 sky beasts
  The ghost of ongoing the Caller, an amateur BaSu (D:3)
  3 centaurs (D:11)
  A kobold brigand (D:9)
  3 phantoms
  3 elf zombies (Ossuary)
  6 bullfrogs
  2 gnoll sergeants
  2 scorpions
  11 wights
  8 killer bees
  A howler monkey (D:11)
  A human zombie (Ossuary)
  11 orc priests
  2 hounds
  8 orc wizards
  5 iguanas
  A hound zombie (D:4)
  3 mummies
  8 gnolls
  4 adders
  4 white imps
  2 ufetubi (D:7)
  2 adder zombies (Ossuary)
  2 worms (D:2)
  A dart slug (D:4)
  56 orcs
  5 endoplasms
  4 giant cockroaches
  7 hobgoblins
  2 jackals (D:5)
  3 quokkas
  9 ball pythons
  6 bats
  5 frilled lizards
  4 goblins
  10 hobgoblin zombies (Ossuary)
  A jackal zombie (Ossuary)
  9 kobolds
  11 kobold zombies (Ossuary)
  6 orc zombies (Ossuary)
  4 rats
  2 rat zombies (Ossuary)
304 creatures vanquished.

Notes
Turn   | Place    | Note
-------+----------+-------------------------------------------
     0 | D:1      | James the Merfolk Shapeshifter began the quest for the Orb.
     0 | D:1      | Reached XP level 1. HP: 15/15 MP: 1/1
   249 | D:1      | Reached XP level 2. HP: 21/21 MP: 2/2
   893 | D:2      | Reached XP level 3. HP: 27/27 MP: 3/3
   925 | D:2      | Reached skill level 4 in Unarmed Combat
  1078 | D:2      | Noticed Sigmund
  1111 | D:2      | HP: 2/40 [something/puff of flame (11)]
  1116 | D:2      | Killed Sigmund
  1117 | D:2      | Reached skill level 6 in Unarmed Combat
  1117 | D:2      | Reached XP level 4. HP: 4/33 MP: 4/4
  1117 | D:2      | Reached XP level 5. HP: 4/38 MP: 5/5
  1802 | D:3      | Found a faded altar of an unknown god.
  2143 | D:3      | Identified the +1 chain mail "Usuwaru" {rC+}
  2144 | D:3      | Found a runed translucent gate.
  2144 | D:3      | Noticed ongoing's ghost (amateur BaSu)
  2145 | D:3      | Found a runed translucent gate.
  2146 | D:3      | Found a runed translucent gate.
  2323 | D:3      | Reached XP level 6. HP: 44/44 MP: 6/6
  2870 | D:4      | Found a staircase to the Ecumenical Temple.
  2877 | Temple   | Entered the Ecumenical Temple
  2890 | Temple   | Became a worshipper of Uskayaw the Reveller
  3106 | D:4      | Found a basalt altar of Yredelemnul.
  3107 | D:4      | Found an ancient bone altar of Kikubaaqudgha.
  3108 | D:4      | Noticed Menkaure
  3144 | D:4      | Found a transporter.
  3147 | D:4      | Found a transporter.
  3245 | D:4      | Reached * piety under Uskayaw
  3269 | D:4      | Found a glowing silver altar of Zin.
  3334 | D:4      | Reached ** piety under Uskayaw
  3608 | D:4      | Found an opulent altar of Gozag.
  3978 | D:3      | Killed ongoing's ghost
  3978 | D:3      | Reached *** piety under Uskayaw
  3979 | D:3      | Reached skill level 7 in Unarmed Combat
  4243 | D:5      | Entered Level 5 of the Dungeon
  4355 | D:5      | Reached XP level 7. HP: 49/50 MP: 7/7
  4408 | D:5      | Reached skill level 8 in Unarmed Combat
  4537 | D:5      | Reached skill level 5 in Shapeshifting
  5065 | D:5      | Noticed Prince Ribbit
  5080 | D:5      | Killed Prince Ribbit
  5166 | D:6      | Reached XP level 8. HP: 56/56 MP: 8/8
  5285 | D:5      | Noticed a troll
  5292 | D:5      | Killed a troll
  5534 | D:6      | Reached skill level 5 in Dodging
  5685 | D:6      | Reached skill level 9 in Unarmed Combat
  5696 | D:6      | Reached **** piety under Uskayaw
  5776 | D:6      | Identified the +2 flail of Niaserel {speed, Will+ Str-3
                  | Dex+7 SInv}
  5813 | D:6      | Found a snail-covered altar of Cheibriados.
  6080 | D:7      | Found a sparkling altar of Nemelex Xobeh.
  6123 | D:6      | Reached XP level 9. HP: 65/65 MP: 9/9
  6279 | D:7      | Reached skill level 10 in Shapeshifting
  6309 | D:7      | Found a runed translucent door.
  6309 | D:7      | Noticed topfpfpflanze's ghost (novice DjCj)
  6342 | D:7      | Reached ***** piety under Uskayaw
  6403 | D:7      | Noticed a two-headed ogre
  6750 | D:8      | Found a sand-covered staircase.
  6777 | Ossuary  | Entered an ossuary
  7469 | D:8      | Reached XP level 10. HP: 73/73 MP: 10/10
  7655 | D:8      | Reached skill level 5 in Fighting
  7655 | D:8      | Reached skill level 10 in Unarmed Combat
  8231 | D:9      | Paralysed by a hornet for 2 turns
  8541 | D:9      | Identified the +4 ring mail "Fois" {rElec Will+}
  8960 | D:9      | Found a large runed translucent door.
  8960 | D:9      | Found a large runed translucent door.
  8962 | D:9      | Noticed GreatBamboolord's ghost (novice FeSh)
  9561 | D:9      | Found a staircase to the Orcish Mines.
 10162 | D:4      | Killed Menkaure
 10311 | D:4      | Got the Vademecum on Bedrock
 10445 | D:7      | Killed a two-headed ogre
 10446 | D:7      | Reached skill level 11 in Unarmed Combat
 10622 | D:10     | Entered Level 10 of the Dungeon
 10684 | D:10     | Reached XP level 11. HP: 81/81 MP: 11/11
 11541 | D:11     | Noticed a cyclops
 11549 | D:11     | Killed a cyclops
 11596 | D:11     | Found an opulent altar of Gozag.
 11598 | D:11     | Noticed a cyclops
 11610 | D:11     | Killed a cyclops
 11739 | D:11     | Reached skill level 12 in Unarmed Combat
 11743 | D:11     | Noticed a purple ugly thing
 11746 | D:11     | Reached ****** piety under Uskayaw
 11747 | D:11     | Killed a purple ugly thing
 12122 | D:11     | Noticed a centaur warrior
 12127 | D:11     | Killed a centaur warrior
 12131 | D:11     | Noticed a two-headed ogre
 12136 | D:11     | Killed a two-headed ogre
 12280 | D:11     | Noticed a purple ugly thing
 12284 | D:11     | Killed a purple ugly thing
 12374 | D:11     | Noticed an orc knight
 12418 | D:11     | Noticed a boulder beetle
 12440 | D:11     | Killed a boulder beetle
 12441 | D:11     | Reached skill level 10 in Dodging
 12441 | D:11     | Reached skill level 13 in Unarmed Combat
 12485 | D:11     | Noticed a death knight
 12503 | D:11     | Killed a death knight
 12894 | D:11     | Noticed a cyclops
 12908 | D:11     | Killed a cyclops
 12909 | D:11     | Reached XP level 12. HP: 78/92 MP: 12/12
 13211 | D:11     | Identified the +1 leather armour of Beke {Fly Str+2 Int-5}
 13211 | D:11     | Noticed an occultist
 13218 | D:11     | Killed an occultist
 13218 | D:11     | Noticed a tengu warrior
 13238 | D:11     | Killed a tengu warrior
 13239 | D:11     | Reached skill level 14 in Unarmed Combat
 13442 | D:11     | Noticed a two-headed ogre
 13452 | D:11     | Killed a two-headed ogre
 13528 | D:11     | Noticed a centaur warrior
 13537 | D:11     | Killed a centaur warrior
 13868 | D:11     | Noticed a fire giant
 13897 | D:11     | Killed from afar by a fire giant

Illustrated notes

Levels and vault maps discovered:
D:1:      roderic_crop_circles_arrival_small, layout_basic, serial_rivers,
          chequers_serial_rivers_micro_b, chequers_serial_rivers_small_a,
          chequers_serial_rivers_large_a, chequers_serial_rivers_micro_a,
          chequers_serial_rivers_room_a, roderic_roman_lattice
D:2:      layout_loops_ring, minmay_diced_spiral, uniq_sigmund
D:3:      layout_basic, ebering_ecumenical_altar_abandoned,
          biasface_ghost_orc_armoury
D:4:      layout_basic, pdpol_temple_overflow_zin_treasury_gozag_greed,
          gammafunk_temple_of_torment, temple_green, minmay_crystal_water
D:5:      layout_cave_pods, uniq_prince_ribbit1
D:6:      layout_rooms, old_standard_altar
D:7:      layout_gridville, old_standard_altar, hellmonk_ghost_happy_afterlife,
          kennysheep_generic_room_3
D:8:      layout_loops_ring, mainiacjoe_ossuary_entry_dusty_tomb
D:9:      layout_layer_cave, david_orc_4, ebering_ghost_disaster_area,
          chequers_serial_rivers_room_a
D:10:     layout_layer_cave, nicolae_tricolors
D:11:     nzn_winding_woodlands_large [nzn_winding_woodlands_hourglass,
          nzn_winding_woodlands_5x15_jagged,
          nzn_winding_woodlands_5x5_perimeter,
          nzn_winding_woodlands_center_lodge,
          nzn_winding_woodlands_15x15_five_gardens,
          nzn_winding_woodlands_center_pierced_h,
          nzn_winding_woodlands_5x5_closed_star,
          nzn_winding_woodlands_5x15_default, nzn_winding_woodlands_5x5_cross],
          layout_basic, lair_entry_dummy, nicolae_gozag_seed_capital
Temple:   nicolae_temple_superstar

Skill      XL: |  1  2  3  4  5  6  7  8  9 10 11 12 |
---------------+-------------------------------------+-----
Dodging        | 3 4 6 8 10 11 | 11.7
Unarmed Combat | 6 7 8 9 11 13 14 | 14.8
Fighting       | 2 4 6 8 9 |  9.4
Shapeshifting  | 7 8 11 12 13 | 13.0

Action                     |  1- 3 |  4- 6 |  7- 9 | 10-12 || total
---------------------------+-------+-------+-------+-------++-------
  Melee: Unarmed           |    85 |   131 |   297 |   362 ||   875
         Punch             |     2 |     9 |     5 |       ||    16
         Constrict         |       |       |    39 |    69 ||   108
  Throw: Dart              |       |       |     7 |       ||     7
 Invoke: Line Pass         |       |       |       |     1 ||     1
         Stomp             |       |       |       |     1 ||     1
  Evoke: Wand              |       |       |     4 |     1 ||     5
    Use: Potion            |     1 |       |       |     2 ||     3
         Scroll            |       |     9 |     3 |     2 ||    14
   Stab: Paralysed         |       |     2 |    11 |    21 ||    34
         Sleeping          |       |       |       |     1 ||     1
 Armour: Animal skin       |    13 |       |       |       ||    13
         Ring mail         |    32 |    47 |       |       ||    79
         Skin              |     9 |       |    54 |   199 ||   262
         Chain mail        |       |    12 |    90 |       ||   102
  Dodge: Dodged            |    47 |    55 |   117 |   213 ||   432
   Form: Anaconda          |       |       |     1 |       ||     1

Table legend: (Time is in decaauts)
 A = Elapsed time spent in this place.
 B = Non-inter-level travel time spent in this place.
 C = Inter-level travel time spent in this place.
 D = Time resting spent in this place.
 E = Time spent auto-exploring this place.
 F = Levels seen in this place.
 G = Mean time per level.
                   A        B        C        D        E       F      G
               +--------+--------+--------+--------+--------+-----+--------+
         Total |  13739 |  12676 |   1063 |   2712 |   7037 |  13 | 1056.8 |
       Dungeon |  13499 |  12456 |   1043 |   2712 |   6963 |  11 | 1227.2 |
        Temple |     22 |      2 |     20 |      0 |      0 |   1 |   22.0 |
       Ossuary |    217 |    217 |      0 |      0 |     74 |   1 |  217.0 |
               +--------+--------+--------+--------+--------+-----+--------+

Top non-repeatable levels by time:
    D:11: 2076 daAuts
     D:9: 1919 daAuts
     D:3: 1540 daAuts
     D:8: 1257 daAuts
     D:5: 1227 daAuts
    D:10: 1148 daAuts
     D:4: 1114 daAuts
     D:2: 982 daAuts
     D:7: 847 daAuts
     D:1: 776 daAuts
     D:6: 610 daAuts
 Ossuary: 217 daAuts
  Temple: 22 daAuts
